AoeStats
← ZigZag Doobski

Arena

510438379Analyzed
2v2 RM · 3d ago on Oct 1, 2026· 53m 51s· 4 players
Game mode
Random Map
Map size
Medium (4 player)
Population
200
Speed
Normal
Resources
Standard
Victory
Conquest
Starting age
Dark Age
Ending age
Imperial Age
RankedLock teamsTeams togetherTeam positionsShared explorationLock speedFull tech treeHidden civsTurbo modeCheats
Victory
Defeat
🇨🇦 Romans · Canada
702
+15
🇺🇸 Italians · United States
590
+21
🇺🇸 Byzantines · United States
683
-18
🇨🇳 Turks · China
680
-18
曾经也是小鲜肉
3:01 Loom
12:32 Feudal Age
13:06 Double-Bit Axe
13:04 Horse Collar
15:45 Wheelbarrow
14:56 Town Watch
15:02 Town Watch
15:48 Man-at-Arms
23:37 Castle Age
21:38 Stone Mining
21:47 Fletching
22:29 Gold Mining
24:28 Bodkin Arrow
24:33 Long Swordsman
25:42 Murder Holes
28:31 Squires
28:16 Arson
29:56 Scale Mail Armor
35:19 Imperial Age
33:26 Heavy Plow
35:06 Gold Shaft Mining
34:41 Padded Archer Armor
36:37 Conscription
39:17 Artillery
38:38 Elite Janissary
50:02 Bracer
50:08 Scale Barding Armor
50:13 Forging
50:58 Husbandry
51:09 Bloodlines
52:17 Bow Saw
KayTan1130
9:51 Feudal Age
21:09 Castle Age
20:50 Horse Collar
20:57 Double-Bit Axe
21:06 Man-at-Arms
22:11 Squires
21:58 Gambesons
22:51 Long Swordsman
22:52 Pikeman
24:02 Forging
24:18 Scale Mail Armor
27:59 Fletching
28:37 Scale Barding Armor
31:36 Wheelbarrow
37:10 Imperial Age
34:58 Loom
35:29 Hand Cart
36:07 Guard Tower
36:12 Murder Holes
36:28 Fortified Wall
37:07 Ballistics
39:18 Keep
38:10 Two-Handed Swordsman
BigTimTom
0:32 Loom
10:21 Feudal Age
9:07 Loom
11:59 Double-Bit Axe
15:38 Scale Mail Armor
15:49 Forging
18:14 Castle Age
15:59 Man-at-Arms
17:35 Horse Collar
17:50 Fletching
18:10 Stone Mining
20:44 Squires
20:05 Long Swordsman
25:16 Chain Mail Armor
27:32 Heavy Plow
27:45 Bow Saw
29:14 Wheelbarrow
28:24 Town Watch
31:25 Iron Casting
34:34 Hand Cart
34:19 Town Patrol
34:43 Pikeman
35:44 Bodkin Arrow
42:21 Imperial Age
42:30 Elite Centurion
46:14 Legionary
53:29 Blast Furnace
52:36 Scale Barding Armor
53:26 Crop Rotation
52:53 Gold Mining
ZigZag Doobski
0:28 Loom
13:31 Feudal Age
15:00 Wheelbarrow
14:07 Horse Collar
14:15 Double-Bit Axe
16:10 Stone Mining
21:21 Castle Age
21:05 Gold Mining
22:22 Bow Saw
22:50 Stone Shaft Mining
22:43 Hand Cart
23:09 Heavy Plow
27:05 Fletching
30:37 Ballistics
30:35 Masonry
31:14 Bodkin Arrow
31:21 Padded Archer Armor
33:56 Leather Archer Armor
33:53 Forging
33:55 Fortified Wall
35:17 Murder Holes
35:52 Silk Road
35:51 Thumb Ring
41:33 Imperial Age
40:56 Caravan
43:58 Conscription
44:10 Husbandry
44:20 Bloodlines
43:33 Light Cavalry
44:48 Architecture
45:19 Chemistry
46:31 Hoardings
45:16 Elite Genoese Crossbowman
48:40 Hussar
50:17 Scale Barding Armor
50:24 Bracer
51:22 Ring Archer Armor
51:14 Bombard Tower
Connection lost

Rejoining the realm…

Still unreachable

The connection could not be restored.

Session expired

The server has moved on; the page needs a fresh start.